 Dungeon Crawl Stone Soup version 0.23.0-33-g5e6c059fef (webtiles) character file.

Game seed: 0

35581 LLavrengius the Thaumaturge (level 13, -3/122 HPs)
             Began as a Purple Draconian Summoner on Feb 26, 2019.
             Was a High Priest of Sif Muna.
             Shot with a bolt by an orc warrior (25 damage)
             ... on level 2 of the Orcish Mines on Feb 27, 2019.
             The game lasted 02:23:49 (23107 turns).

LLavrengius the Thaumaturge (DrSu)                 Turns: 23107, Time: 02:23:57

Health: -3/122     AC: 14    Str: 12    XL:     13   Next: 48%
Magic:  8/30       EV: 13    Int: 24    God:    Sif Muna [*****.]
Gold:   1283       SH:  0    Dex: 12    Spells: 4/38 levels left

rFire    + . .     SeeInvis .   f - +4 trident (freeze)
rCold    + . .     Gourm    .   (no shield)
rNeg     . . .     Faith    .   (armour unavailable)
rPois    .         Spirit   .   (helmet restricted)
rElec    .         Reflect  .   l - scarf {rC+ rF+}
rCorr    .         Harm     .   j - +1 pair of gloves
MR       +....                  k - +0 pair of boots
Stlth    ++........             x - amulet of regeneration
HPRegen  0.70/turn              P - +3 ring of protection
MPRegen  0.22/turn              c - +5 ring of intelligence

@: lightly drained, divine energy
A: breathe power, unfitting armour, cold-blooded, AC +8
a: Breathe Dispelling Energy, Stop Divine Energy, Channel Magic, Forget Spell,
Renounce Religion


You were on level 2 of the Orcish Mines.
You worshipped Sif Muna.
Sif Muna was extremely pleased with you.
You were hungry.

You visited 3 branches of the dungeon, and saw 21 of its levels.

You collected 1563 gold pieces.
You spent 280 gold pieces at shops.

Inventory:

Hand Weapons
 f - a +4 trident of freezing (weapon)
 u - the +8 mithril axe "Arga" {speed, MR+}
   (You found it on level 6 of the Lair of Beasts)

   Attacks with this weapon are significantly faster.
   It affects your resistance to hostile enchantments.
 I - a +4 great sword
 K - a +4 dagger of freezing
Armour
 j - a +1 pair of gloves (worn)
 k - a +0 pair of boots (worn)
 l - a scarf of resistance (worn)
Magical Staves
 a - an uncursed staff of summoning
 t - an uncursed staff of wizardry
Jewellery
 c - a +5 ring of intelligence (right hand)
 d - an uncursed ring of ice
 i - an uncursed ring of poison resistance
 x - an amulet of regeneration (around neck)
 A - an uncursed ring of protection from magic
 J - an uncursed ring of protection from magic
 P - a +3 ring of protection (left hand)
 U - the ring "Celos" {-Tele rElec rC+ Str+6}
   (You found it on level 8 of the Dungeon)

   [ring of protection from cold]

   It affects your strength (+6).
   It protects you from cold.
   It insulates you from electricity.
   It prevents most forms of teleportation.
 X - an uncursed ring of see invisible
 Z - an uncursed ring of positive energy
Wands
 y - a wand of clouds (7)
 E - a wand of polymorph (2)
 H - a wand of acid (12)
 M - a wand of digging (10)
 Q - a wand of scattershot (5)
 V - a wand of flame (80)
Scrolls
 h - 4 scrolls of fog
 o - 3 scrolls of blinking
 q - 7 scrolls of teleportation
 r - 8 scrolls of magic mapping
 s - 3 scrolls of identify
 w - 6 scrolls of fear
 z - 5 scrolls of enchant weapon
 G - 3 scrolls of enchant armour
 L - 7 scrolls of remove curse
 S - 4 scrolls of amnesia
 W - 2 scrolls of holy word
Potions
 e - 2 potions of berserk rage
 m - 2 potions of brilliance
 n - a potion of haste
 p - a potion of heal wounds
 B - 2 potions of invisibility
 C - 4 potions of might
 D - 7 potions of curing
 F - 3 potions of mutation
 N - 2 potions of resistance
 O - 3 potions of ambrosia
 R - a potion of magic
 T - 2 potions of flight
 Y - a potion of cancellation
Comestibles
 b - 23 rations
 g - 4 chunks of flesh


   Skills:
 + Level 13.1(12.9) Fighting
 - Level 4.0(3.8) Dodging
 - Level 1.7(1.6) Stealth
 + Level 13.2(13.0) Spellcasting
 - Level 4.0(3.8) Hexes
 * Level 11.8(11.6) Summonings
 - Level 4.2(4.0) Air Magic
 - Level 5.0(4.8) Invocations
 - Level 8.0(7.8) Evocations


You had 4 spell levels left.
You knew the following spells:

 Your Spells              Type           Power        Failure   Level  Hunger
a - Call Canine Familiar  Summ           ######..     1%          3    None
b - Call Imp              Summ           ######..     1%          2    None
c - Summon Lightning Spi  Summ/Air       ######..     1%          4    None
d - Summon Guardian Gole  Hex/Summ       ######..     1%          3    None
e - Summon Ice Beast      Ice/Summ       #####...     3%          4    None
f - Regeneration          Chrm/Necr      ###.......   12%         3    None
g - Apportation           Tloc           ###...       3%          1    None
h - Tukima's Dance        Hex            ####....     2%          3    None
i - Summon Hydra          Summ           ######....   26%         7    ######.
j - Airstrike             Air            #####.....   7%          4    None

Your spell library contained the following spells:

 Spells                   Type           Power        Failure   Level  Hunger
 Shock                    Conj/Air       ####         1%          1    None
 Summon Butterflies       Summ           ######..     1%          1    None
 Summon Small Mammal      Summ           ####         1%          1    None
 Swiftness                Chrm/Air       ####....     2%          2    None
 Flame Tongue             Conj/Fire      ###..        3%          1    None
 Infusion                 Chrm           ###.         3%          1    None
 Magic Dart               Conj           ###.         3%          1    None
 Static Discharge         Conj/Air       ####....     4%          3    None
 Spectral Weapon          Hex/Chrm       ###.....     5%          3    None
 Shroud of Golubria       Chrm/Tloc      ###.......   6%          2    None
 Song of Slaying          Chrm           ###.....     6%          2    None
 Throw Frost              Conj/Ice       ###...       6%          2    None
 Cause Fear               Hex            ####......   8%          4    None
 Lesser Beckoning         Tloc           ###.......   12%         3    None
 Aura of Abjuration       Summ           ######....   1%          5    ###....
 Summon Mana Viper        Hex/Summ       ######..     4%          5    ###....
 Silence                  Hex/Air        ####......   22%         5    ###....
 Summon Greater Demon     Summ           ######....   26%         7    ######.
 Lightning Bolt           Conj/Air       ####......   43%         5    ###....
 Yara's Violent Unravell  Hex/Tmut       ###.......   43%         5    ###....
 Alistair's Intoxication  Tmut/Pois      ###.....     71%         5    ###....
 Bolt of Draining         Conj/Necr      ###.......   71%         5    ###....
 Invisibility             Hex            ####....     77%         6    #####..
 Deflect Missiles         Chrm/Air       ####......   95%         6    #####..
 Bolt of Fire             Conj/Fire      ###.......   99%         6    #####..
 Dragon Form              Tmut           ###.......   100%        7    ######.
 Discord                  Hex            ####......   100%        8    #######
 Dragon's Call            Summ           ######....   100%        9    #######


Dungeon Overview and Level Annotations

Branches:
Dungeon (13/15)            Temple (0/1) D:6            Lair (6/6) D:8
  Swamp (0/4) Lair:4       Spider (0/4) Lair:4        Slime (0/5) Lair:6
    Orc (2/2) D:12            Elf (0/3) Orc:2
 Vaults: D:13-14

Altars:
Ashenzari
Cheibriados
Elyvilon
Fedhas
Gozag
Hepliaklqana
Kikubaaqudgha
Makhleb
Qazlal
Sif Muna
Trog
Wu Jian
Xom
The Shining One

Shops:
D:4 !   Orc:1 %

Annotations:
D:12 Azrael
Lair:6 exclusion: oklob plant
Orc:2 Saint Roka


Innate Abilities, Weirdness & Mutations

You can breathe bolts of dispelling energy.
Your rich purple scales are hard. (AC +8)
You cannot fit into any form of body armour.
You are cold-blooded and may be slowed by cold attacks.


Message History

Your ice beast hits the centaur.
The centaur dies!
Sif Muna accepts your kill.
The orc warrior unwields a +0 battleaxe.
The orc warrior wields a +0 arbalest.
The orc warrior shoots a bolt.
The bolt hits your lightning spire.
You see here 2 arrows.
The centaur shoots an arrow.
The arrow hits your lightning spire!
Your lightning spire is destroyed!
The orc unwields a +0 trident.
The orc wields a +0 arbalest.
The orc shoots a bolt.
The bolt closely misses your ice beast. The bolt hits you.
The orc warrior unwields a +0 battleaxe.
The orc warrior wields a +0 arbalest.
The orc warrior shoots a bolt.
The bolt barely misses your ice beast. The bolt hits you!!
* * * LOW HITPOINT WARNING * * *
The orc shoots a bolt.
The bolt hits your ice beast!
The orc warrior unwields a +0 glaive.
The orc warrior wields a +0 arbalest.
The orc warrior shoots a bolt.
The bolt hits you!!
You die...

........ ....$...
.....#.# .$..##.##
....#...## .....#.#.##
..........#
.........#############
...........(.(((@(...##
..............((YY....#
#...###...##.o##))##...#
..≈≈ #≈≈......o)o.# ..#
.≈≈≈ #≈≈≈........).# #
≈≈≈ ##≈≈≈≈.....o.... ≈##
###≈≈≈≈o.....#..
##≈≈≈≈o....#.. o..o
.....


You could see 4 orc warriors, 2 orcs and 2 friendly ice beasts.

Vanquished Creatures
  A hydra (Lair:6)
  A cyclops (D:13)
  2 centaur zombies
  2 elephants (Lair:6)
  A centaur skeleton (D:11)
  5 komodo dragons
  2 spiny frogs
  A rime drake (Lair:6)
  2 trolls
  3 blink frogs
  A hippogriff (Lair:5)
  A redback (Lair:4)
  2 spriggans (Lair:1)
  A wyvern (Lair:5)
  4 yaks
  2 wargs
  4 water moccasins
  2 porcupines (Lair:3)
  A hornet zombie (D:12)
  A sky beast (D:7)
  A black bear (Lair:2)
  An ice beast (D:12)
  3 necrophages
  An ogre (D:9)
  3 centaurs (Orc:2)
  8 crocodiles
  A big kobold (D:9)
  7 bullfrogs
  Dowan (D:4)
  3 scorpions
  A wight (D:10)
  2 howler monkeys
  4 crimson imps
  3 human zombies (D:9)
  5 hounds
  4 orc priests
  A bullfrog skeleton (D:7)
  6 orc wizards
  3 iguanas
  A human skeleton (D:9)
  4 worker ants
  A hound zombie (D:5)
  A hound skeleton (D:8)
  5 mummies (D:9)
  4 adders
  A shadow imp (D:8)
  3 oozes
  4 worms
  6 dart slugs
  4 leopard geckos
  34 orcs
  5 bats
  A giant cockroach (D:4)
  5 goblins
  11 hobgoblins
  7 jackals
  A quokka (D:4)
  6 frilled lizards
  A jackal skeleton (D:9)
  5 kobolds
  7 rats
  3 plants (Lair:6)
217 creatures vanquished.

Vanquished Creatures (collateral kills)
  5 dire elephants (Lair:6)
  Erolcha (D:9)
  Fannar (D:11)
  3 hydras
  3 two-headed ogres
  An anaconda (Lair:6)
  A centaur warrior (D:13)
  Nergalle (D:12)
  Pikel (D:5)
  2 orc sorcerers (Orc:1)
  2 orc knights (Orc:1)
  A cyclops (D:12)
  A centaur zombie (D:13)
  5 elephants
  2 black mambas (Lair:5)
  2 gargoyles
  A centaur skeleton (D:12)
  15 spiny frogs
  A rime drake (Lair:1)
  4 komodo dragons
  6 trolls
  A wind drake (shapeshifter) (D:13)
  Grinder (D:5)
  2 polar bears
  A hornet (Lair:2)
  4 dream sheep (Lair:6)
  14 blink frogs
  5 hippogriffs
  A shadow (D:11)
  4 spriggans (Lair:1)
  3 wyverns
  A redback (Lair:4)
  16 yaks
  2 basilisks
  2 wraiths (D:9)
  2 fire elementals
  Eustachio (D:4)
  7 vampire mosquitoes
  3 hell hounds (D:12)
  Duvessa (D:4)
  9 water moccasins
  3 porcupines
  11 orc warriors
  2 slaves
  2 sky beasts
  A necrophage (D:13)
  12 wolves
  3 ogres
  13 centaurs
  7 crocodiles
  6 bullfrogs
  A scorpion (D:4)
  14 wights
  An electric eel (Lair:4)
  2 bullfrog zombies
  2 crimson imps (D:5)
  A jelly (D:11)
  10 orc priests
  11 orc wizards
  Ijyb (D:5)
  3 iguanas
  4 worker ants
  A hound zombie (D:6)
  3 adders
  3 shadow imps
  2 worms (D:4)
  A leopard gecko (D:6)
  38 orcs
  A giant cockroach (D:7)
  A hobgoblin (D:2)
  2 jackals (D:6)
  A quokka (D:6)
  A frilled lizard (D:3)
  A fungus (Lair:6)
  4 plants
308 creatures vanquished.

Vanquished Creatures (others)
  3 elephants
  A centaur skeleton (D:12)
  A yak (Lair:6)
  A vampire mosquito (Lair:4)
  Menkaure (D:5)
  2 wolves (Lair:3)
  An orc wizard (D:7)
  4 fungi
  3 plants (Lair:6)
17 creatures vanquished.

Grand Total: 542 creatures vanquished

Notes
Turn   | Place    | Note
-------+----------+-------------------------------------------
     0 | D:1      | LLavrengius the Draconian Summoner began the quest for the
                  | Orb.
     0 | D:1      | Reached XP level 1. HP: 14/14 MP: 3/3
   118 | D:1      | Reached skill level 1 in Fighting
   271 | D:1      | Reached XP level 2. HP: 14/23 MP: 5/5
   281 | D:1      | Learned a level 2 spell: Call Imp
   617 | D:1      | Reached XP level 3. HP: 25/29 MP: 7/7
   957 | D:2      | Found a snail-covered altar of Cheibriados.
  1296 | D:2      | Found a deep blue altar of Sif Muna.
  1524 | D:2      | Found a glowing golden altar of the Shining One.
  1525 | D:2      | Found a blossoming altar of Fedhas.
  1633 | D:2      | Became a worshipper of Sif Muna the Loreminder
  1964 | D:3      | Reached XP level 4. HP: 32/37 MP: 8/8
  2381 | D:3      | Reached XP level 5. HP: 9/45 MP: 9/9
  2630 | D:3      | Learned a level 3 spell: Call Canine Familiar
  2630 | D:3      | Upgraded the game from 0.23.0-28-g6fe0f4dc8b to
                  | 0.23.0-33-g5e6c059fef
  2886 | D:3      | Found an ornate altar of the Wu Jian Council.
  3169 | D:4      | Learned a level 4 spell: Summon Lightning Spire
  3303 | D:4      | Reached skill level 5 in Summonings
  3381 | D:4      | Found a hazy altar of Hepliaklqana.
  3521 | D:4      | Reached skill level 1 in Air Magic
  3521 | D:4      | Reached XP level 6. HP: 33/51 MP: 3/11
  3634 | D:4      | Found Jyuneceg's Distillery.
  3640 | D:4      | Noticed Eustachio
  3663 | D:5      | Entered Level 5 of the Dungeon
  3663 | D:5      | Noticed an orc warrior
  3865 | D:4      | Bought a potion of invisibility for 80 gold pieces
  3865 | D:4      | Bought a potion of might for 40 gold pieces
  3865 | D:4      | Bought a potion of curing for 30 gold pieces
  3872 | D:4      | Found a shattered altar of Ashenzari.
  3917 | D:4      | Killed Eustachio
  4012 | D:4      | Reached * piety under Sif Muna
  4097 | D:4      | Noticed Duvessa
  4097 | D:4      | Noticed Dowan
  4107 | D:4      | Killed Duvessa
  4110 | D:4      | Killed Dowan
  4110 | D:4      | Your scales start taking on a rich purple colour.
  4110 | D:4      | Reached XP level 7. HP: 49/59 MP: 10/14
  4257 | D:4      | Found a deep blue altar of Sif Muna.
  4319 | D:4      | Bought a potion of degeneration for 10 gold pieces
  4319 | D:4      | Bought a potion of brilliance for 40 gold pieces
  4319 | D:4      | Bought a potion of mutation for 80 gold pieces
  4351 | D:5      | Noticed Menkaure
  4479 | D:5      | Reached skill level 5 in Spellcasting
  4482 | D:5      | Noticed Grinder
  4482 | D:5      | Noticed Ijyb
  4484 | D:5      | Noticed Pikel
  5010 | D:5      | Killed Pikel
  5010 | D:5      | Reached XP level 8. HP: 67/67 MP: 11/16
  5039 | D:5      | Killed Menkaure
  5107 | D:5      | Killed Ijyb
  5214 | D:5      | Killed Grinder
  5214 | D:5      | Reached ** piety under Sif Muna
  5214 | D:5      | Reached skill level 5 in Fighting
  5675 | D:5      | Found a bloodstained altar of Trog.
  5689 | D:5      | Found a stormy altar of Qazlal.
  6189 | D:6      | Noticed a two-headed ogre
  6215 | D:6      | Killed a two-headed ogre
  6294 | D:6      | Learned a level 3 spell: Summon Guardian Golem
  6441 | D:6      | Found a staircase to the Ecumenical Temple.
  6897 | D:7      | Reached XP level 9. HP: 58/75 MP: 7/18
  7291 | D:7      | Reached *** piety under Sif Muna
  7736 | D:8      | Found an opulent altar of Gozag.
  7995 | D:8      | Found a staircase to the Lair.
  8356 | D:8      | Got a faintly glowing brass ring
  8367 | D:8      | Found a burning altar of Makhleb.
  8618 | D:9      | Noticed Erolcha
  8646 | D:9      | Killed Erolcha
  8646 | D:9      | Reached skill level 1 in Invocations
  8949 | D:9      | Noticed a troll
  8952 | D:9      | Killed a troll
  9108 | D:9      | Found an ancient bone altar of Kikubaaqudgha.
  9430 | D:9      | Reached XP level 10. HP: 53/87 MP: 17/22
  9906 | D:10     | Entered Level 10 of the Dungeon
 10450 | D:10     | Identified the ring "Celos" {-Tele rElec rC+ Str+6} (You
                  | found it on level 8 of the Dungeon)
 10467 | D:10     | Found a shimmering altar of Xom.
 10702 | D:11     | Noticed Fannar
 10732 | D:10     | Learned a level 4 spell: Summon Ice Beast
 10736 | D:10     | Learned a level 3 spell: Regeneration
 10781 | D:11     | Reached **** piety under Sif Muna
 10796 | D:11     | Noticed a gargoyle
 10807 | D:11     | Killed a gargoyle
 10921 | D:11     | Noticed a two-headed ogre
 10933 | D:11     | Killed a two-headed ogre
 10972 | D:11     | Reached skill level 5 in Invocations
 11008 | D:11     | Reached skill level 1 in Evocations
 11176 | D:11     | Killed Fannar
 11996 | D:12     | Noticed Azrael
 12418 | D:12     | Reached XP level 11. HP: 97/97 MP: 9/24
 12486 | D:12     | Noticed Nergalle
 12501 | D:12     | Killed Nergalle
 12503 | D:12     | Reached skill level 10 in Spellcasting
 13159 | D:13     | Identified a scroll of acquirement
 13254 | D:13     | Reached skill level 10 in Fighting
 13462 | D:13     | Noticed an eight-headed hydra
 13491 | D:13     | Killed an eight-headed hydra
 13605 | D:13     | Reached skill level 5 in Evocations
 13718 | D:13     | Noticed a centaur warrior
 13740 | D:13     | Killed a centaur warrior
 13892 | D:13     | Noticed a two-headed ogre
 13897 | D:13     | Killed a two-headed ogre
 14494 | D:12     | Found a staircase to the Orcish Mines.
 14684 | Lair:1   | Entered Level 1 of the Lair of Beasts
 14748 | Lair:1   | Learned a level 1 spell: Apportation
 14752 | Lair:1   | Learned a level 3 spell: Tukima's Dance
 14878 | Lair:1   | Reached skill level 1 in Hexes
 15145 | Lair:1   | Reached ***** piety under Sif Muna
 15783 | Lair:2   | Received a gift from Sif Muna
 16030 | Lair:2   | Reached XP level 12. HP: 106/110 MP: 22/27
 17129 | Lair:3   | Found a hazy altar of Hepliaklqana.
 17522 | Lair:4   | Found a staircase to the Swamp.
 18044 | Lair:4   | Found a hole to the Spider Nest.
 18989 | Lair:5   | Reached skill level 10 in Summonings
 19166 | Lair:5   | Learned a level 7 spell: Summon Hydra
 19843 | Lair:6   | Entered Level 6 of the Lair of Beasts
 19861 | Lair:6   | Identified Sif Muna's Incunabulum of Confrontation and the
                  | Escort (Sif Muna gifted it to you on level 6 of the Lair of
                  | Beasts)
 19861 | Lair:6   | Received a gift from Sif Muna
 19895 | Lair:6   | Learned a level 4 spell: Airstrike
 19899 | Lair:6   | Noticed a four-headed hydra
 19908 | Lair:6   | Killed a four-headed hydra
 20228 | Lair:6   | Reached XP level 13. HP: 109/119 MP: 16/29
 20626 | Lair:6   | Found a white marble altar of Elyvilon.
 20679 | Lair:6   | Found a staircase to the Slime Pits.
 21569 | Lair:6   | Noticed a dire elephant
 21569 | Lair:6   | Noticed a dire elephant
 21570 | Lair:6   | Found the +8 mithril axe "Arga" {speed, MR+}
 21575 | Lair:6   | Killed a dire elephant
 21577 | Lair:6   | Killed a dire elephant
 21661 | Lair:6   | Noticed a dire elephant
 21680 | Lair:6   | Noticed a dire elephant
 21683 | Lair:6   | Killed a dire elephant
 21695 | Lair:6   | Killed a dire elephant
 21918 | Lair:6   | Noticed a dire elephant
 21942 | Lair:6   | Killed a dire elephant
 22339 | Orc:1    | Entered Level 1 of the Orcish Mines
 22605 | Orc:2    | Entered Level 2 of the Orcish Mines
 22918 | Orc:1    | Found Puluxidd's Food Boutique.
 22987 | Orc:2    | Found a staircase to the Elven Halls.
 23069 | Orc:2    | Noticed Saint Roka
 23107 | Orc:2    | Shot with a bolt by an orc warrior

Skill      XL: |  1  2  3  4  5  6  7  8  9 10 11 12 13 |
---------------+----------------------------------------+-----
Fighting       | 1 2 3 4 6 7 9 11 12 13 | 13.1
Spellcasting   | 3 4 5 6 8 9 11 12 13 | 13.2
Summonings     | 5 6 8 9 10 11 | 11.8
Air Magic      | 1 2 3 4 |  4.2
Dodging        | 4 |  4.0
Invocations    | 3 5 |  5.0
Evocations     | 3 6 8 |  8.0
Hexes          | 3 4 |  4.0
Stealth        | |  1.7

Action                   |  1- 3 |  4- 6 |  7- 9 | 10-12 | 13-15 || total
-------------------------+-------+-------+-------+-------+-------++-------
Melee: Unarmed           |    50 |       |       |       |       ||    50
       Dagger            |   119 |   157 |   114 |    88 |       ||   478
       Tailslap          |    10 |    19 |    37 |    50 |    27 ||   143
       Great sword       |       |       |    64 |    24 |     5 ||    93
       Spear             |       |       |   152 |    72 |       ||   224
       Trident           |       |       |       |   399 |   201 ||   600
 Fire: Blowgun           |       |       |    24 |     2 |       ||    26
 Cast: Call Imp          |     1 |    21 |    11 |       |       ||    33
       Call Canine Famil |       |     2 |     9 |     7 |     4 ||    22
       Summon Lightning  |       |       |    36 |    96 |    33 ||   165
       Summon Guardian G |       |       |     4 |    42 |    19 ||    65
       Summon Ice Beast  |       |       |       |    45 |    17 ||    62
       Airstrike         |       |       |       |     3 |       ||     3
       Summon Hydra      |       |       |       |       |     1 ||     1
Invok: Divine Energy     |       |       |     1 |       |       ||     1
Evoke: Wand              |       |       |       |       |     4 ||     4
  Use: Scroll            |     4 |     2 |     3 |    24 |     5 ||    38
       Potion            |       |       |       |     4 |     1 ||     5
 Stab: Sleeping          |     4 |     3 |     7 |     3 |       ||    17
       Distracted        |       |     1 |     2 |     8 |     1 ||    12
  Eat: Chunk             |     3 |     8 |    20 |    35 |     6 ||    72
       Ration            |       |       |       |     1 |     1 ||     2
Armor: Skin              |    45 |    66 |   123 |   207 |    60 ||   501
Dodge: Dodged            |    84 |   116 |   172 |   400 |   110 ||   882
       Rpst.: Great sword |       |       |    15 |     8 |     3 ||    26
